 Dungeon Crawl Stone Soup version 0.22-a0-614-g34fbaa0 (webtiles) character file.

128 Firecrotchwizard the Cudgeler (level 5, -6/34 HPs)
             Began as a Gargoyle Berserker on July 11, 2018.
             Was a Believer of Trog.
             Mangled by an orc
             ... wielding a +2 whip of distortion
              (18 damage)
             ... on level 3 of the Dungeon.
             The game lasted 00:03:08 (2064 turns).

Firecrotchwizard the Cudgeler (Gargoyle Berserker)  Turns: 2064, Time: 00:03:08

Health: -6/34      AC: 13    Str: 21    XL:     5   Next: 11%
Magic:  5/5        EV:  8    Int:  8    God:    Trog [**....]
Gold:   121        SH:  0    Dex:  9    Spells: 4/4 levels left

rFire    . . .     SeeInvis .   a - +0 mace
rCold    . . .     Gourm    .   (no shield)
rNeg     + . .     Faith    .   o - +0 chain mail
rPois    ∞         Spirit   .   (no helmet)
rElec    +         Reflect  .   e - +0 cloak
rCorr    .         Harm     .   (no gloves)
MR       ++...                  (no boots)
Stlth    ..........             (no amulet)
HPRegen  1.11/turn              (no ring)
MPRegen  0.09/turn              (no ring)

@: about to teleport, regenerating
A: negative energy resistance 1, electricity resistance, unbreathing,
petrification resistance, rot immunity, AC +4
a: Berserk, Trog's Hand, Renounce Religion


You were on level 3 of the Dungeon.
You worshipped Trog.
Trog was pleased with you.
You were not hungry.

You visited 1 branch of the dungeon, and saw 3 of its levels.

You collected 121 gold pieces.

Inventory:

Hand Weapons
 a - a +0 mace (weapon)
Armour
 b - a +0 animal skin
 e - a +0 cloak (worn)
   (You found it on level 1 of the Dungeon)
 g - a +0 plate armour
   (You found it on level 1 of the Dungeon)
 o - a +0 chain mail (worn)
   (You took it off an orc on level 3 of the Dungeon)
Wands
 n - a wand of random effects (21)
   (You found it on level 3 of the Dungeon)
Scrolls
 j - 3 scrolls of identify {unknown}
 k - a scroll of magic mapping {unknown}
 l - a scroll of enchant armour {unknown}
 q - a scroll of teleportation {unknown}
 r - a scroll of enchant weapon {unknown}
 t - a scroll of noise {unknown}
Potions
 d - a potion of ambrosia {unknown}
 f - 2 potions of heal wounds {unknown}
 h - a potion of curing {unknown}
 i - 3 potions of agility {unknown}
 p - a potion of mutation {unknown}
 s - a potion of brilliance {unknown}
Comestibles
 c - 3 rations {@e1}
 m - 4 chunks of flesh {@w0}


   Skills:
 + Level 4.4 Fighting
 * Level 4.9 Maces & Flails
 - Level 2.1 Armour
 - Level 1.5 Dodging


You had 4 spell levels left.
You didn't know any spells.
Your spell library was empty.

Dungeon Overview and Level Annotations

Branches:
Dungeon (3/15)

Altars:
Sif Muna


Innate Abilities, Weirdness & Mutations

You are resistant to torment.
Your stone body is resilient. (AC +4)
You are immune to poison.
You resist negative energy. (rN+)
You are resistant to electric shocks. (rElec)
You can survive without breathing.
You are immune to petrification.
You are immune to rotting.


Message History

Trog accepts your kill.
No target in view!
You butcher the adder corpse.
m - 4 chunks of flesh {@w0} (gained 2)
You open the door.
There is an open door here.
There is a stone staircase leading up here.
You now have 121 gold pieces (gained 4).
An adder comes into view.
The adder hisses angrily.
You closely miss the adder.
The adder bites you but does no damage. x2
You hit the adder. The adder bites you.
You take 2 damage, and have 27/29 hp.
You barely miss the adder. The adder bites you but does no damage.
The adder barely misses you.
You sock the adder!
You kill the adder!
Trog accepts your kill.
No target in view!
An orc and an orc wizard come into view.
The orc wizard shouts!
The orc shouts!
An orc comes into view. It is wielding a club.
A goblin comes into view. It is wielding a club.
The orc wizard moves out of view.
Health restored: 29 An orc comes into view.
The orc shouts!
The orc wizard casts a spell.
The orc wizard flickers and vanishes!
Deactivating autopickup; reactivate with Ctrl-A.
You hit the orc. The orc hits you but does no damage.
You barely miss the orc. The orc hits you but does no damage.
An orc comes into view. It is wielding a whip of distortion.
You closely miss the orc.
The orc shouts!
The orc closely misses you.
You completely miss something. Something hits you but does no damage.
You closely miss something. Something hits you but does no damage.
Your skin crawls.
You feel resistant to hostile enchantments.
You feel somewhat more hungry. Something hits you but does no damage.
You completely miss something.
You hear some strange, mumbled words.
A puff of frost appears from out of thin air!
The puff of frost hits you!
You take 5 damage, and have 24/29 hp.
You sock something! You hit something.
You hear some strange, mumbled words.
A puff of flame appears from out of thin air!
The puff of flame hits you!
You regained 2 hp, and now have 27/29 hp.
You hit something. Trog accepts your kill.
Trog appreciates your killing of a magic user.
Reactivating autopickup.
You have reached level 5!
You feel a bit more experienced. The orc closely misses you.
You regained 6 hp, and now have 33/34 hp.
MP restored: 5 You hit the orc.
The orc hits you but does no damage.
Health restored: 34 Your chain mail prevents you from hitting the orc.
The orc hits you but does no damage.
You closely miss the orc. The orc hits you but does no damage.
You closely miss the orc. The orc hits you but does no damage.
You hit the orc.
You kill the orc!
Trog accepts your kill.
You closely miss the goblin.
The goblin hits you but does no damage. x2
You closely miss the goblin. The goblin hits you with a club.
You take 1 damage, and have 33/34 hp.
You completely miss the goblin. The goblin barely misses you.
Health restored: 34 You hit the goblin.
You kill the goblin!
Trog accepts your kill.
You sock the orc!
You kill the orc!
Trog accepts your kill. The orc hits you but does no damage.
Space bends around you.
Items here: ))) [[ † a ring mail; a club; a dagger x2; a robe; an orc corpse You take 5 damage, and have 29/34 hp.
You hit the orc but do no damage. The orc barely misses you.
You hit the orc.
You feel the effects of Trog's Hand fading.
The orc hits you but does no damage. Space warps horribly around you!
You take 13 damage, and have 17/34 hp.
MASSIVE DAMAGE!!
You closely miss the orc. The orc hits you but does no damage.
You feel strangely unstable.
You closely miss the orc. The orc hits you but does no damage.
Space warps horribly around you! The orc hits you but does no damage.
Space warps horribly around you!
Ouch! That really hurt!
You die...

#.###........##....# #.#.###.
#.##..##.###.....#.#####..##### #
#........######................
####.....#........#.######..#####
.####....##########.#### #.#.###.
#........# #.......# #.......
.#####...# #.##.##.# ##.##.## ##
#.### #.#...# # #.##.# # ##+##
#@#...# #.##.# # ##...## #o#...#
#....# # ##.....## #o##.## #.####
###.......## #..^.. #.##.##
##.........# .....#######......
.'.........+ ..................
.#.........# ...#########.#...#
.##.......## ##.## #.##.##
[###.....## #.####


You could see 2 orcs.

Vanquished Creatures
  An orc wizard (D:3)
  4 adders (D:3)
  2 dart slugs (D:1)
  2 leopard geckos
  3 orcs (D:3)
  A ball python (D:1)
  5 giant cockroaches
  10 goblins
  4 hobgoblins
  5 jackals
  4 bats
  3 frilled lizards (D:1)
  3 kobolds (D:1)
  6 rats
53 creatures vanquished.

Notes
Turn   | Place    | Note
-------+----------+-------------------------------------------
     0 | D:1      | Firecrotchwizard the Gargoyle Berserker began the quest for the Orb.
     0 | D:1      | Reached XP level 1. HP: 14/14 MP: 1/1
   114 | D:1      | Reached XP level 2. HP: 19/19 MP: 2/2
   581 | D:1      | Reached XP level 3. HP: 16/24 MP: 3/3
   965 | D:2      | You fall through a shaft!
   968 | D:3      | Found a deep blue altar of Sif Muna.
  1051 | D:3      | Reached skill level 4 in Maces & Flails
  1104 | D:3      | Reached ** piety under Trog
  1403 | D:3      | Reached skill level 4 in Fighting
  1497 | D:2      | Reached XP level 4. HP: 29/29 MP: 4/4
  2049 | D:3      | Reached XP level 5. HP: 31/34 MP: 5/5
  2064 | D:3      | Mangled by an orc

Vault maps used:
D:1:      lightli_arrival_noodles, minivault_4
D:3:      nicolae_overflow_crystal_walls, st_stairs_4

Skill      XL: |  1  2  3 |
---------------+----------+-----
Maces & Flails | 4 |  4.9
Fighting       | 4 |  4.4
Armour         | |  2.1
Dodging        | |  1.5

Action                   |  1- 3 |  4- 6 || total
-------------------------+-------+-------++-------
Melee: Mace              |   144 |    70 ||   214
Invok: Trog's Hand       |       |     1 ||     1
  Eat: Chunk             |     2 |     2 ||     4
Armor: Animal skin       |     2 |       ||     2
       Plate armour      |   102 |       ||   102
       Chain mail        |    15 |    39 ||    54
Dodge: Dodged            |    76 |    19 ||    95

Table legend:
 A = Spawn XP
 B = Non-spawn XP
 C = Spawn XP percentage of total XP
 D = Spawn monster count
 E = Non-spawn monster count
 F = Spawn count percentage of total count
 G = Total turns spent on level
                    A         B        C        D         E        F      G
               +---------+---------+-------+---------+---------+-------+---------
         Total |       0 |     183 |   0.0 |       0 |      53 |   0.0 |  2064
               +---------+---------+-------+---------+---------+-------+---------
           D:1 |       0 |      35 |   0.0 |       0 |      21 |   0.0 |   903
           D:2 |       0 |      15 |   0.0 |       0 |       9 |   0.0 |   512
           D:3 |       0 |     133 |   0.0 |       0 |      23 |   0.0 |   649
               +---------+---------+-------+---------+---------+-------+---------

Vault maps used:
D:1:      lightli_arrival_noodles, minivault_4
D:3:      nicolae_overflow_crystal_walls, st_stairs_4

Table legend:
 A = Turns spent in this place as a percentage of turns spent in the entire game.
 B = Non-inter-level travel turns spent in this place as a percentage of non-inter-level travel turns spent in the entire game.
 C = Inter-level travel turns spent in this place as a percentage of turns spent in this place.
 D = Turns resting spent in this place as a percentage of non-inter-level travel turns spent in this place.
 E = Turns spent auto-exploring this place as a percentage of non-inter-level travel turns spent in this place.
 F = Non-inter-level travel turns spent in this place divided by the number of levels of this place that you've seen.
                   A       B       C       D       E      F
               +-------+-------+-------+-------+-------+----------------------
         Total | 100.0 | 100.0 |   3.3 |  15.7 |  63.7 | 665.3
       Dungeon | 100.0 | 100.0 |   3.3 |  15.7 |  63.7 | 665.3
               +-------+-------+-------+-------+-------+----------------------

Table legend:
 A = Kills in this place as a percentage of kills in entire the game.
 B = Kills by you in this place as a percentage of kills by you in the entire game.
 C = Kills by friends in this place as a percentage of kills by friends in the entire game.
 D = Other kills in this place as a percentage of other kills in the entire game.
 E = Experience gained in this place as a percentage of experience gained in the entire game.
 F = Experience gained in this place divided by the number of levels of this place that you have seen.
                   A       B       C       D       E      F
               +-------+-------+-------+-------+-------+----------------------
         Total | 100.0 | 100.0 |   N/A |   N/A | 100.0 |  61.0
       Dungeon | 100.0 | 100.0 |   N/A |   N/A | 100.0 |  61.0
               +-------+-------+-------+-------+-------+----------------------
